Map: Ruins of Seras

Players

Kronos - Winner!

  • Race: Zerg Zerg
  • League: Diamond

Raguel

  • Race: Zerg Zerg
  • League: Diamond

VOD

Have the link to the VOD?

Description

Time

  • Played on: Feb. 19, 2016, 4:03 p.m.
  • Length: 5:04
Show
View Real Time Build Order
Export as new Build Order

Kronos Zerg - Winner!

Build Orders: Pool Only, Zergling Baneling 

Get SALT Encoding   

  12  0:00  Drone  
  13  0:08  Drone  
  13  0:13  Extractor  
  13  0:15  Drone  
  14  0:33  Spawning Pool  
  13  0:38  Drone  
  14  0:48  Overlord  
  14  1:20  Metabolic Boost, Queen  
  16  1:27  Zergling x6  
  19  1:38  Baneling Nest  
  18  1:41  Zergling x2  
  19  1:50  Zergling x2  
  20  2:00  Overlord  
  20  2:12  Zergling x2  
  21  2:22  Zergling x2  
  22  2:29  Zergling x6  
  25  2:39  Zergling x2  
  26  2:49  Zergling x2  
  27  2:56  Zergling x2  
  27  3:02  Zergling x6  
  29  3:14  Zergling x2  
  27  3:24  Zergling x2  
  27  3:39  Zergling x6  
  26  3:49  Zergling x2  
  26  3:52  Baneling x3  
  26  3:53  Baneling  
  22  4:03  Zergling x4  
  23  4:23  Zergling x6  
  24  4:32  Baneling  
  24  4:34  Zergling x2  
  24  4:38  Baneling  
  25  4:39  Baneling x2  
  25  4:42  Zergling x2  
Show
View Real Time Build Order
Export as new Build Order

Raguel Zerg 

Build Orders: Hatch First 

Get SALT Encoding   

  12  0:01  Drone  
  13  0:10  Drone  
  14  0:36  Overlord  
  14  0:54  Drone x3  
  17  1:03  Hatchery  
  16  1:05  Drone  
  17  1:16  Spawning Pool  
  16  1:20  Extractor, Drone  
  16  1:28  Drone  
  17  1:44  Drone  
  18  1:49  Drone  
  19  2:01  Drone  
  20  2:03  Queen  
  22  2:15  Queen  
  24  2:16  Zergling x4  
  24  2:21  Metabolic Boost  
  26  2:24  Drone  
  27  2:33  Drone  
  27  2:36  Spine Crawler  
  27  2:47  Overlord  
  26  2:54  Baneling Nest  
  25  3:02  Zergling x4  
  27  3:07  Zergling x8  
  31  3:14  Zergling x2  
  25  3:41  Baneling x4  
  21  3:50  Queen  
  21  3:51  Queen  
  25  4:01  Zergling x8  
  21  4:31  Baneling  
Tags
 
Add a new tag
Caveats
  • Supply blocks, unpowered buildings, or Contaminate may cause inaccurate times.
  • Supply counts are checked every 10 seconds.